 Dungeon Crawl Stone Soup version 0.24.0-125-gc4c63601f3 (webtiles) character file.

Game seed: 14956909593220163333, levelgen mode: deterministic

56156 malsseongbulida the Thaumaturge (level 14, -10/82 HPs)
             Began as an Octopode Venom Mage on Mar 19, 2020.
             Was the Champion of Fedhas.
             Mangled by a stone giant (26 damage)
             ... on level 2 of the Orcish Mines on Mar 20, 2020.
             The game lasted 02:48:03 (26346 turns).

malsseongbulida the Thaumaturge (OpVM)             Turns: 26346, Time: 02:48:05

Health: -10/82     AC:  3    Str:  6    XL:     14   Next: 80%
Magic:  24/25      EV: 17    Int: 22    God:    Fedhas [******]
Gold:   1487       SH: 12    Dex: 16    Spells: 1/34 levels left

rFire    + . .     SeeInvis +   a - +5 dagger (flame)
rCold    x . .     Gourm    .   j - +1 shield
rNeg     . . .     Faith    .   p - +2 hat
rPois    +         Spirit   .   N - amulet of Gares {MR+ Regen+ Dex+4 Stlth-}
rElec    .         Reflect  .   i - ring of see invisible
rCorr    .         Harm     .   l - ring of protection from magic
MR       +++..     Clarity  +   s - ring of flight
Stlth    ++++......             x - ring of poison resistance
HPRegen  0.63/turn              I - +2 ring of evasion
MPRegen  0.19/turn              h - ring of wizardry
                                X - ring of fire
                                (no ring)

@: no status effects
A: almost no armour, stealthy swim, amphibious, 8 rings, constrict 8, tentacle
spike 1, repulsion field 1, camouflage 2, clarity, clever 1, frail 1, low mp 1,
weak 2, gelatinous body 1, evolution 1
a: Wall of Briars, Grow Ballistomycete, Overgrow, Grow Oklob, Renounce Religion,
Evoke Flight


You were on level 2 of the Orcish Mines.
You worshipped Fedhas.
Fedhas was exalted by your worship.
You were not hungry.

You visited 4 branches of the dungeon, and saw 23 of its levels.

You collected 1487 gold pieces.

Inventory:

Hand Weapons
 a - a +5 dagger of flaming (weapon)
 b - the +3 morningstar of the Last Friends {freeze, +Inv SInv}
   (You found it on level 10 of the Dungeon)

   It has been specially enchanted to freeze those struck by it, causing extra
   injury to most foes and up to half again as much damage against particularly
   susceptible opponents.
   It can also slow down cold-blooded creatures.
   It lets you see invisible.
   It lets you turn invisible.
Missiles
 q - 22 boomerangs (quivered)
 t - 8 atropa-tipped darts
 v - 79 poisoned darts
 z - a throwing net
 L - 8 javelins
 Q - 8 curare-tipped darts
 U - 7 boomerangs of dispersal
Armour
 j - a +1 shield (worn)
 p - a +2 hat (worn)
Magical Staves
 u - an uncursed staff of poison
Jewellery
 h - a ring of wizardry (on tentacle)
 i - a ring of see invisible (left tentacle)
 l - a ring of protection from magic (right tentacle)
 s - a ring of flight (on tentacle)
 x - a ring of poison resistance (on tentacle)
 I - a +2 ring of evasion (on tentacle)
 N - the amulet of Gares (around mantle) {MR+ Regen+ Dex+4 Stlth-}
   (You found it on level 7 of the Dungeon)

   [amulet of regeneration]

   It affects your dexterity (+4).
   It affects your resistance to hostile enchantments.
   It increases your rate of regeneration.
   It makes you less stealthy.
 X - a ring of fire (on tentacle)
Wands
 e - a wand of scattershot (4)
 A - a wand of flame (16)
 F - a wand of paralysis (6)
 P - a wand of disintegration (5)
 R - a wand of polymorph (19)
Scrolls
 c - 7 scrolls of teleportation
 g - 12 scrolls of remove curse
 n - 3 scrolls of fog
 y - a scroll of vulnerability
 D - 7 scrolls of identify
 J - a scroll of enchant armour
 K - 2 scrolls of holy word
 M - 7 scrolls of magic mapping
Potions
 d - 9 potions of curing
 f - 7 potions of lignification
 k - 4 potions of agility
 m - a potion of heal wounds
 o - 2 potions of haste
 r - a potion of resistance
 w - 2 potions of mutation
 B - a potion of berserk rage
 C - 4 potions of might
 E - 2 potions of cancellation
 G - 2 potions of magic
 H - a potion of ambrosia
 W - 4 potions of brilliance
Miscellaneous
 S - a lamp of fire (inert)
Comestibles
 T - 26 rations


   Skills:
 - Level 7.1 Fighting
 - Level 4.0 Short Blades
 - Level 0.2 Maces & Flails
 - Level 1.6 Throwing
 - Level 2.0 Dodging
 - Level 4.3 Stealth
 - Level 10.0 Shields
 + Level 10.7 Spellcasting
 - Level 8.0 Conjurations
 - Level 2.0 Hexes
 - Level 1.3 Necromancy
 * Level 5.1 Transmutations
 - Level 7.0 Fire Magic
 - Level 5.5 Air Magic
 * Level 4.6 Earth Magic
 - Level 10.4 Poison Magic
 - Level 9.3 Invocations
 - Level 5.0 Evocations


You had one spell level left.
You knew the following spells:

 Your Spells              Type           Power        Failure   Level  Hunger
a - Fireball              Conj/Fire      ######....   6%          5    ####...
b - Poisonous Vapours     Pois/Air       #####.       1%          2    None
c - Olgreb's Toxic Radia  Pois           ######..     1%          4    #......
d - Mephitic Cloud        Conj/Pois/Air  #####...     1%          3    None
e - Apportation           Tloc           ##....       4%          1    None
f - Confusing Touch       Hex            ###...       1%          1    None
g - Animate Skeleton      Necr           N/A          2%          1    None
h - Irradiate             Conj/Tmut      #####.....   9%          5    ####...
i - Statue Form           Tmut/Erth      ####.....    63%         6    ######.
j - Blink                 Tloc           N/A          6%          2    None
k - Conjure Flame         Conj/Fire      ######..     1%          3    None

Your spell library contained the following spells:

 Spells                   Type           Power        Failure   Level  Hunger
 Magic Dart               Conj           ####         1%          1    None
 Sting                    Conj/Pois      ####         1%          1    None
 Summon Small Mammal      Summ           ##..         4%          1    None
 Ignite Poison            Fire/Tmut/Pois ######..     1%          3    None
 Slow                     Hex            ###.....     2%          2    None
 Venom Bolt               Conj/Pois      ######....   2%          5    ####...
 Call Imp                 Summ           ##......     6%          2    None
 Bolt of Fire             Conj/Fire      ######....   28%         6    ######.
 Hydra Form               Tmut           ####......   58%         6    ######.
 Dragon Form              Tmut           ####......   98%         7    #######
 Ring of Flames           Chrm/Fire      #####.....   100%        7    #######
 Ignition                 Fire           ######....   100%        8    #######


Dungeon Overview and Level Annotations

Branches:
Dungeon (14/15)            Temple (1/1) D:4            Lair (6/6) D:8
  Swamp (0/4) Lair:4        Snake (0/4) Lair:2          Orc (2/2) D:10
 Vaults (0/5) D:14
  Slime: Lair:5-6       Elf: Orc:2

Altars:
Cheibriados
Elyvilon
Fedhas
Gozag
Kikubaaqudgha
Nemelex Xobeh
Okawaru
Ru
Trog
Uskayaw
Xom
Yredelemnul
Zin
The Shining One
Beogh

Shops:
D:4 ?

Annotations:
D:1 exclusion: downstairs
D:10 exclusion: 2 downstairs
D:11 exclusions: downstairs, wraith and 1 more exclusion, Josephine
D:12 exclusion: 3 downstairs
D:13 exclusion: downstairs
D:14 Rupert, Urug
Lair:3 exclusion: downstairs
Lair:5 exclusions: door, 3 downstairs and hydra
Lair:6 Snorg
Orc:1 2 transporters, CannibalFerox's ghost, novice MiHu


Innate Abilities, Weirdness & Mutations

You cannot wear most types of armour.
You are very stealthy in the water. (Stealth+)
You are amphibious.
You can wear up to eight rings at the same time.
You can use your tentacles to constrict eight enemies at once.
Your skin blends seamlessly with your surroundings (Stealth++).
Your rubbery body absorbs attacks. (AC +1, EV +1)
One of your tentacles bears a spike.
You are surrounded by a mild repulsion field. (EV +2)
You possess an exceptional clarity of mind.
Your mind is acute. (Int +2)
You are frail. (-10% HP)
Your magical capacity is low. (-10% MP)
You are very weak. (Str -4)
You evolve.


Message History

Casting: Poisonous Vapours (safe; 1% risk of failure)
Confirm with . or Enter, or press ? or * to list all spells.
Your tentacles begin to glow red.
You block the stone giant's attack.
You hit the stone giant but do no damage.
The stone giant appears confused.
You pierce the stone giant, but do no damage.
The stone giant is heavily wounded.
The stone giant hits you!!
* * * LOW HITPOINT WARNING * * *
You strike the helpless stone giant from behind!
You impale the stone giant!! You burn the stone giant!
Your tentacle spike misses the stone giant.
The stone giant is severely wounded.
You hit the stone giant but do no damage.
You pierce the stone giant, but do no damage.
You squeeze the stone giant, but do no damage.
The stone giant is severely wounded.
The stone giant hits you!!
You die...
Fedhas appreciates your contribution to the ecosystem.

...... ###
##....# ...
##.....###.#
#.......#..#
##...$......#
............#
.......<....#
......#.....#
...## ##@...+
. #C...#
#....#
.......
....##..$
.....# #..
....## #
.....#


You could see a stone giant (confused).

Vanquished Creatures
  Nessos (D:14)
  4 hydras
  A merfolk avatar (Lair:6)
  2 catoblepae
  A two-headed ogre (D:9)
  Sonja (Orc:1)
  Nergalle (D:12)
  2 unseen horrors (D:13)
  3 sea snakes
  Pikel (D:5)
  An orc knight (Orc:1)
  A deep elf mage (D:12)
  A cyclops (D:12)
  An ugly thing (D:13)
  2 manticores
  2 black mambas (Lair:5)
  A centaur zombie (D:12)
  A gargoyle (D:12)
  27 elephants
  7 komodo dragons
  12 spiny frogs
  2 torpor snails
  3 rime drakes
  An efreet (D:13)
  4 trolls
  2 polar bears (Lair:6)
  6 hornets
  11 blink frogs
  9 hippogriffs
  7 dream sheep
  A spriggan (D:8)
  32 yaks
  2 wyverns
  4 humans (D:14)
  2 water elementals (D:13)
  A basilisk (Lair:4)
  A wraith (D:11)
  An acid dragon (D:11)
  2 soldier ants
  A naga (Lair:2)
  3 water moccasins
  3 sky beasts
  8 porcupines
  13 orc warriors
  2 black bears
  A slave (D:5)
  2 ice beasts
  6 ogres
  A phantom (D:10)
  2 necrophages
  3 wolves (Lair:3)
  3 centaurs
  8 crocodiles
  5 big kobolds
  13 bullfrogs
  Blork the orc (D:6)
  A wyvern skeleton (D:11)
  2 scorpions
  5 killer bees (D:10)
  3 wights (D:9)
  2 electric eels (D:13)
  5 howler monkeys
  7 crimson imps
  A lava snake (Lair:6)
  5 bullfrog zombies
  3 quasits
  6 jellies
  11 orc priests
  8 hounds
  3 centaur skeletons
  22 orc wizards
  2 iguanas (D:10)
  14 worker ants
  2 hound zombies
  5 hound skeletons
  A worker ant zombie (D:8)
  2 gnolls (D:2)
  11 adders
  4 shadow imps
  11 white imps (Lair:3)
  3 oozes
  An adder skeleton (D:9)
  An adder zombie (D:5)
  3 worms
  A dart slug (D:4)
  2 leopard geckos
  55 orcs
  4 giant cockroaches
  8 goblins
  4 hobgoblins
  4 jackals
  31 kobolds
  2 quokkas
  A ball python (D:4)
  A ball python skeleton (D:4)
  3 bats
  4 frilled lizards
  A jackal zombie (D:3)
  5 rats
509 creatures vanquished.

Vanquished Creatures (collateral kills)
  A hydra (Lair:1)
  A catoblepas (Lair:6)
  A centaur zombie (D:11)
  An elephant (Lair:1)
  2 black mambas (Lair:5)
  A spiny frog (Lair:6)
  A komodo dragon (Lair:3)
  5 blink frogs
  A hippogriff (Lair:1)
  A water elemental (D:13)
  3 yaks (Lair:1)
  A hungry ghost (D:12)
  2 nagas (Lair:2)
  2 porcupines
  A water moccasin (Lair:1)
  An ice beast (D:12)
  An ogre (D:12)
  2 crocodiles (Lair:6)
  A jelly (D:10)
  A white imp (Lair:3)
  23 ballistomycete spores
53 creatures vanquished.

Vanquished Creatures (others)
  An iguana (D:5)
  A leopard gecko (D:5)
  An orc (D:13)
  A giant cockroach (D:5)
  A ballistomycete spore (D:13)
  A fire vortex (Lair:6)
  29 fungi
  24 plants
59 creatures vanquished.

Grand Total: 621 creatures vanquished

Notes
Turn   | Place    | Note
-------+----------+-------------------------------------------
     0 | D:1      | malsseongbulida the Octopode Venom Mage began the quest for
                  | the Orb.
     0 | D:1      | Reached XP level 1. HP: 11/11 MP: 3/3
   208 | D:1      | Reached XP level 2. HP: 8/17 MP: 5/5
   387 | D:1      | Learned a level 2 spell: Poisonous Vapours
  1155 | D:2      | Found a white marble altar of Elyvilon.
  1185 | D:2      | Reached XP level 3. HP: 22/22 MP: 1/6
  1403 | D:2      | Reached skill level 1 in Shields
  1692 | D:2      | Reached skill level 1 in Fighting
  1692 | D:2      | Reached XP level 4. HP: 28/28 MP: 2/7
  1805 | D:2      | Found a glowing golden altar of the Shining One.
  2237 | D:3      | Reached skill level 1 in Air Magic
  2342 | D:3      | Found a faded altar of an unknown god.
  2937 | D:4      | Reached XP level 5. HP: 33/33 MP: 8/8
  2952 | D:4      | Noticed an ogre
  2989 | D:4      | Found Duufops's Magic Scroll Boutique.
  3108 | D:4      | Killed an ogre
  3108 | D:4      | Reached XP level 6. HP: 38/38 MP: 2/10
  3353 | D:4      | Found a white marble altar of Elyvilon.
  3622 | D:4      | Reached skill level 5 in Poison Magic
  3740 | D:4      | Found a bloodstained altar of Trog.
  3740 | D:4      | Found a sparkling altar of Nemelex Xobeh.
  3840 | D:4      | Found an iron altar of Okawaru.
  3840 | D:4      | Found an ancient bone altar of Kikubaaqudgha.
  3897 | D:4      | Found a staircase to the Ecumenical Temple.
  4145 | D:4      | Found a snail-covered altar of Cheibriados.
  4273 | Temple   | Entered the Ecumenical Temple
  4308 | Temple   | Became a worshipper of Fedhas Madash
  4448 | D:4      | Reached skill level 1 in Short Blades
  4448 | D:4      | Reached XP level 7. HP: 41/43 MP: 10/12
  4681 | D:4      | Gained mutation: You are weak. (Str -2) [potion of
                  | mutation]
  4681 | D:4      | Gained mutation: You evolve. [potion of mutation]
  4681 | D:4      | Gained mutation: Your magical capacity is low. (-10% MP)
                  | [potion of mutation]
  4681 | D:4      | Gained mutation: Your mind is acute. (Int +2) [potion of
                  | mutation]
  4766 | D:5      | Entered Level 5 of the Dungeon
  5346 | D:5      | Noticed Pikel
  5371 | D:5      | Killed Pikel
  5371 | D:5      | Reached XP level 8. HP: 44/50 MP: 2/13
  5415 | D:5      | Gained mutation: You possess an exceptional clarity of
                  | mind. [evolution]
  5482 | D:5      | Found a glowing silver altar of Zin.
  6052 | D:6      | Learned a level 4 spell: Olgreb's Toxic Radiance
  6542 | D:6      | Learned a level 3 spell: Mephitic Cloud
  6570 | D:6      | Gained mutation: You are very weak. (Str -4) [evolution]
  6581 | D:6      | Reached skill level 5 in Air Magic
  6581 | D:6      | Reached XP level 9. HP: 43/54 MP: 5/14
  6634 | D:6      | Reached skill level 5 in Spellcasting
  6666 | D:6      | Reached * piety under Fedhas
  6763 | D:6      | Found a basalt altar of Yredelemnul.
  6847 | D:6      | Noticed Blork the orc
  7017 | D:6      | Killed Blork the orc
  7403 | D:7      | Reached skill level 5 in Shields
  7742 | D:7      | Found a glowing golden altar of the Shining One.
  8476 | D:7      | Got a brightly glowing bronze amulet
  8479 | D:7      | Identified the amulet of Gares {MR+ Regen+ Dex+4 Stlth-}
                  | (You found it on level 7 of the Dungeon)
  8708 | D:8      | Learned a level 1 spell: Apportation
  8713 | D:8      | Learned a level 1 spell: Confusing Touch
  8726 | D:8      | Reached ** piety under Fedhas
  8772 | D:8      | Found a staircase to the Lair.
  8856 | D:8      | Found a sacrificial altar of Ru.
  9054 | D:8      | Reached skill level 1 in Throwing
  9070 | D:8      | Reached XP level 10. HP: 62/62 MP: 0/18
  9285 | D:8      | Found a shimmering altar of Xom.
  9467 | D:9      | Noticed a two-headed ogre
  9490 | D:9      | Killed a two-headed ogre
  9558 | D:9      | Learned a level 1 spell: Animate Skeleton
 10267 | D:10     | Entered Level 10 of the Dungeon
 10277 | D:10     | Gained mutation: Your skin blends seamlessly with your
                  | surroundings (Stealth++). [evolution]
 10282 | D:10     | Found a staircase to the Orcish Mines.
 10431 | D:10     | Reached skill level 1 in Evocations
 10460 | D:10     | Reached *** piety under Fedhas
 10467 | D:10     | Got a bloodstained morningstar
 10476 | D:10     | Identified the +3 morningstar of the Last Friends {freeze,
                  | +Inv SInv} (You found it on level 10 of the Dungeon)
 11342 | D:10     | Learned a level 5 spell: Irradiate
 11521 | D:11     | Identified a scroll of acquirement
 11558 | D:11     | Reached XP level 11. HP: 67/67 MP: 18/21
 11664 | D:11     | Noticed a six-headed hydra
 11672 | D:11     | Killed a six-headed hydra
 11672 | D:11     | Reached skill level 10 in Poison Magic
 11746 | D:11     | Noticed Josephine
 12156 | D:11     | Reached **** piety under Fedhas
 12702 | D:11     | Reached skill level 1 in Invocations
 13181 | D:12     | Reached skill level 5 in Invocations
 13292 | D:12     | Noticed Nergalle
 13302 | D:12     | Killed Nergalle
 13314 | D:12     | Noticed a cyclops
 13451 | D:11     | Gained mutation: You are frail. (-10% HP) [evolution]
 13860 | D:12     | Noticed a deep elf mage
 13869 | D:12     | Killed a deep elf mage
 13869 | D:12     | Reached XP level 12. HP: 66/66 MP: 10/22
 13944 | D:13     | Reached ***** piety under Fedhas
 14011 | D:13     | Reached skill level 1 in Transmutations
 14571 | D:13     | Noticed a catoblepas
 14579 | D:13     | Killed a catoblepas
 14579 | D:13     | Reached skill level 5 in Fighting
 15138 | D:13     | Found a sparkling altar of Nemelex Xobeh.
 15244 | D:14     | Found a gate to the Vaults.
 15244 | D:14     | Noticed Urug
 15244 | D:14     | Noticed Rupert
 15244 | D:14     | Noticed Nessos
 15244 | D:14     | Noticed a six-headed hydra
 15581 | D:14     | Killed Nessos
 15925 | Lair:1   | Entered Level 1 of the Lair of Beasts
 16029 | Lair:1   | Reached skill level 5 in Evocations
 16375 | Lair:1   | Reached XP level 13. HP: 73/76 MP: 20/23
 16762 | Lair:1   | Reached skill level 1 in Necromancy
 17271 | Lair:2   | Reached skill level 10 in Spellcasting
 17287 | Lair:2   | Reached skill level 1 in Hexes
 17682 | Lair:2   | Reached skill level 10 in Shields
 18153 | Lair:2   | Found a staircase to the Snake Pit.
 18416 | Lair:3   | Learned a level 5 spell: Fireball
 18495 | Lair:3   | You fall into a shaft and drop 2 floors!
 18550 | Lair:5   | Reached skill level 1 in Fire Magic
 19291 | Lair:4   | Gained mutation: You are surrounded by a mild repulsion
                  | field. (EV +2) [evolution]
 19818 | Lair:5   | Reached skill level 5 in Conjurations
 20595 | Lair:3   | Reached skill level 5 in Fire Magic
 21290 | Lair:3   | Reached XP level 14. HP: 80/82 MP: 4/25
 23080 | Lair:4   | Found a staircase to the Swamp.
 23217 | Lair:6   | Entered Level 6 of the Lair of Beasts
 23229 | Lair:5   | Learned a level 6 spell: Statue Form
 23296 | Lair:6   | Reached skill level 1 in Earth Magic
 23743 | Lair:6   | Noticed Snorg
 23754 | Lair:5   | Reached ****** piety under Fedhas
 25165 | Lair:3   | Gained mutation: One of your tentacles bears a spike.
                  | [evolution]
 25248 | Orc:1    | Entered Level 1 of the Orcish Mines
 25362 | Orc:1    | Found a roughly hewn altar of Beogh.
 25652 | Orc:1    | Found a transporter.
 25678 | Orc:1    | Found a transporter.
 25678 | Orc:1    | Noticed CannibalFerox's ghost (novice MiHu)
 25700 | Orc:1    | Noticed Sonja
 25701 | Orc:1    | Reached skill level 5 in Transmutations
 25708 | Orc:1    | Killed Sonja
 25926 | Orc:1    | Learned a level 2 spell: Blink
 25930 | Orc:1    | Learned a level 3 spell: Conjure Flame
 26338 | Orc:2    | Entered Level 2 of the Orcish Mines
 26338 | Orc:2    | Noticed a stone giant
 26346 | Orc:2    | Mangled by a stone giant

Levels and vault maps discovered:
D:1:      minmay_arrival_stone_box, layout_basic, minmay_stone_trees_small
D:2:      layout_loops_ring, tso_oasis_becter, elyvilon_altar_5
D:3:      layout_loops_corners, chequers_ecumenical_altar_island
D:4:      layout_gridville, overflow_temple_1_default, kennysheep_slug_shrine,
          gammafunk_temple_overflow_statue, gammafunk_temple_overflow_elements,
          temple_green, serial_shops, shop, grunt_ministairs_9
D:5:      layout_loops_cross, old_standard_altar, first_ration, uniq_pikel
D:6:      layout_basic, yredelemnul_altar_generic, uniq_blork_the_orc
D:7:      layout_basic, kennysheep_nub, tso_metal_star
D:8:      layout_rooms, lemuel_round_altar, nicolae_ru_awakened_eye,
          lair_entry_dummy, grunt_pizzeria
D:9:      layout_loops_ring
D:10:     minmay_general_purpose_star, layout_basic
D:11:     layout_loops_ring, gauntlet_entry_generic, kennysheep_crisscross,
          uniq_josephine
D:12:     layout_rooms, uniq_nergalle
D:13:     layout_big_octagon, nemelex_altar_shiori
D:14:     layout_small_grid, david_vaults_3, serial_shops, shop_coins,
          chequers_serial_rivers_room_b
Temple:   jpeg_temple_clearing
Lair:1:   layout_roguey
Lair:2:   layout_cave_pods, minmay_snake_entry_guardpost_medium,
          grunt_megastairs_3
Lair:3:   layout_misc_corridors, portal_ice_cave_entry_imps, lemuel_fruit_tree
Lair:4:   layout_cave_pods, swamp_mist_pool, grunt_megastairs_5, uniq_urug
Lair:5:   cheibrodos_lair_river_kwai, layout_regular_city
Lair:6:   gammafunk_lair_ancient_temple, layout_gridlike,
          nicolae_slime_entry_slimehenge, minivault_19, uniq_snorg
Orc:1:    layout_caves, gammafunk_ghost_stat_death, basic_altar,
          guppyfry_library_mini, uniq_sonja
Orc:2:    grunt_orc_community_town_hall, layout_diamond_mine,
          grunt_orc_community_big_house_2, grunt_orc_community_big_house_2,
          grunt_orc_community_house_3, grunt_orc_community_house_3,
          grunt_orc_community_house_3, grunt_orc_community_house_2,
          grunt_orc_community_house_1, uniq_nessos

Skill      XL: |  1  2  3  4  5  6  7  8  9 10 11 12 13 14 |
---------------+-------------------------------------------+-----
Stealth        | 3 4 |  4.3
Poison Magic   | 4 5 6 7 8 9 10 | 10.4
Shields        | 1 2 3 4 5 6 7 9 10 | 10.0
Fighting       | 1 2 3 6 7 |  7.1
Air Magic      | 1 2 3 5 |  5.5
Spellcasting   | 3 4 6 8 9 10 | 10.7
Short Blades   | 1 2 3 4 |  4.0
Throwing       | 1 |  1.6
Evocations     | 1 3 5 |  5.0
Invocations    | 8 9 |  9.3
Transmutations | 1 3 5 |  5.1
Conjurations   | 2 6 8 |  8.0
Necromancy     | 1 |  1.3
Hexes          | 2 |  2.0
Fire Magic     | 5 7 |  7.0
Earth Magic    | 4 |  4.6
Maces & Flails | |  0.2
Dodging        | |  2.0

Action                   |  1- 3 |  4- 6 |  7- 9 | 10-12 | 13-15 || total
-------------------------+-------+-------+-------+-------+-------++-------
Melee: Club              |    33 |       |       |       |       ||    33
       Constrict         |    10 |     9 |    38 |    33 |    64 ||   154
       Tentacles         |     6 |     5 |    32 |    37 |    75 ||   155
       Dagger            |     8 |    49 |   176 |   103 |   290 ||   626
       Morningstar       |       |       |       |   127 |    61 ||   188
       Kick              |       |       |       |       |    13 ||    13
       Staff             |       |       |       |       |     1 ||     1
Throw: Boomerang         |       |     5 |     8 |    11 |   109 ||   133
 Cast: Sting             |     4 |       |       |       |       ||     4
       Poisonous Vapours |    11 |    23 |   115 |   169 |   344 ||   662
       Olgreb's Toxic Ra |       |       |     6 |    58 |    53 ||   117
       Animate Skeleton  |       |       |       |    23 |    56 ||    79
       Confusing Touch   |       |       |       |     1 |    30 ||    31
       Apportation       |       |       |       |       |     4 ||     4
       Fireball          |       |       |       |       |     1 ||     1
Invok: Grow Ballistomyce |       |       |       |     4 |     2 ||     6
       Wall of Briars    |       |       |       |       |     2 ||     2
 Abil: Evoke Invisibilit |       |       |       |       |     3 ||     3
Evoke: Wand              |       |       |     6 |    26 |    16 ||    48
       Lamp of fire      |       |       |       |     2 |     1 ||     3
  Use: Scroll            |       |       |    11 |    17 |    12 ||    40
       Potion            |       |       |     1 |       |     3 ||     4
 Stab: Sleeping          |     8 |     5 |     5 |    10 |     3 ||    31
       Paralysed         |       |       |       |     5 |     5 ||    10
       Distracted        |       |       |       |     1 |     1 ||     2
       Confused          |       |       |       |       |    10 ||    10
       Invisible         |       |       |       |       |     2 ||     2
  Eat: Chunk             |     2 |     7 |    16 |    23 |    25 ||    73
       Ration            |       |     1 |       |     1 |     3 ||     5
Armor: Skin              |     4 |     2 |     9 |    30 |    23 ||    68
Dodge: Dodged            |    33 |    33 |    79 |   159 |   208 ||   512
Block: Shield            |       |       |    69 |   125 |   204 ||   398
